 Dungeon Crawl Stone Soup version 0.28.0 (webtiles) character file.

Game seed: 16482784590502189549

52 Sanktem7 the Conjurer (level 3, -7/19 HPs)
             Began as a Deep Elf Conjurer on Feb 8, 2022.
             Killed by divine providence
             ... invoked by an orc priest
              (15 damage)
             ... on level 3 of the Dungeon.
             The game lasted 00:02:28 (1190 turns).

Sanktem7 the Conjurer (Deep Elf Conjurer)           Turns: 1190, Time: 00:02:29

Health: -7/19      AC:  2    Str:  4    XL:     3   Next: 60%
Magic:  9/10       EV: 27    Int: 24    God:
Gold:   28         SH:  0    Dex: 13    Spells: 8/9 levels left

rFire   . . .      SeeInvis .   k - +3 short sword (speed)
rCold   . . .      Faith    .   (no shield)
rNeg    . . .      Spirit   .   a - +0 robe
rPois   .          Reflect  .   (no helmet)
rElec   .          Harm     .   (no cloak)
rCorr   .          Rampage  .   (no gloves)
Will    .....                   (no boots)
Stlth   ++........              j - amulet of the acrobat
HPRegen 0.06/turn               (no ring)
MPRegen 0.12/turn               (no ring)

@: acrobatic
A: no striking features
a: no special abilities


You were on level 3 of the Dungeon.
You visited 1 branch of the dungeon, and saw 3 of its levels.

You collected 28 gold pieces.

Inventory:

Hand Weapons
 k - a +3 short sword of speed (weapon)
Armour
 a - a +0 robe (worn)
Jewellery
 j - an amulet of the acrobat (around neck)
Scrolls
 b - a scroll of blinking {unknown}
 c - 2 scrolls of teleportation {unknown}
 d - a scroll of identify {unknown}
 i - a scroll of enchant weapon {unknown}
Potions
 e - a potion of attraction {unknown}
 f - a potion of lignification {unknown}
 g - a potion of haste {unknown}
 h - a potion of degeneration {unknown}


   Skills:
 + Level 2.6 Dodging
 + Level 2.4 Stealth
 * Level 3.5 Spellcasting
 * Level 5.5 Conjurations


You had 8 spell levels left.
You knew the following spells:

 Your Spells              Type           Power      Damage    Failure   Level
a - Magic Dart            Conj           100%       1d8       1%          1

Your spell library contained the following spells:

 Spells                   Type           Power      Damage    Failure   Level
 Searing Ray              Conj           62%        2d6       1%          2
 Dazzling Flash           Conj/Hex       34%        N/A       10%         3
 Fulminant Prism          Conj/Hex       8%         3d7       32%         4
 Iskenderun's Mystic Bla  Conj/Tloc      17%        2d5       32%         4


Dungeon Overview and Level Annotations

Branches:
Dungeon (3/15)

Altars:


Message History

Confirm with . or Enter, or press ? or * to list all spells.
Aiming: Magic Dart (safe; 1% risk of failure)
Press: ? - help, Shift-Dir - straight line, f/p - adder
Aim: an adder (severely wounded, 100% to hit)
The magic dart hits the adder.
You kill the adder!
Found a stone staircase leading up.
Done exploring.
You see here a +0 club.
There is a stone staircase leading up here.
There is an open door here.
There is a stone staircase leading down here.
You see here a +3 short sword of speed.
k - a +3 short sword of speed Your hands tingle!
k - a +3 short sword of speed (weapon)
Done exploring.
There is a stone staircase leading down here.
You climb downwards.
Found a scroll labelled BOENAT ATAXU.
There is a stone staircase leading up here.
Casting: Magic Dart (safe; 1% risk of failure)
Confirm with . or Enter, or press ? or * to list all spells.
Aiming: Magic Dart (safe; 1% risk of failure)
Press: ? - help, Shift-Dir - straight line, f - orc priest
Aim: an orc priest, wielding a +0 club (asleep, 100% to hit)
The magic dart hits the orc priest.
The orc priest is lightly wounded.
The orc priest shouts!
The orc shouts! x2; The orc wizard shouts!
A bat comes into view.
An orc comes into view. It is wielding a +0 club.
The orc priest invokes the aid of Beogh against you.
Beogh smites you!
Ouch! That really hurt!
The bat moves out of view.
A bat comes into view.
The orc priest invokes the aid of Beogh against you.
Beogh smites you!
Ouch! That really hurt!
You die...

.#
..##
.b.
#.###
#.@#
#.#.#
#.
#.# #
#o#
#b#
#<#
#o#
.o.
..o..


You could see an orc priest, 2 orcs and 2 bats.

Vanquished Creatures
  3 adders (D:2)
  An endoplasm (D:2)
  A giant cockroach (D:2)
  A hobgoblin (D:2)
  2 jackals (D:2)
  5 kobolds
  A quokka (D:2)
  4 ball pythons (D:2)
  4 bats (D:2)
  2 frilled lizards
  2 goblins (D:2)
  A rat (D:2)
27 creatures vanquished.

Notes
Turn   | Place    | Note
-------+----------+-------------------------------------------
     0 | D:1      | Sanktem7 the Deep Elf Conjurer began the quest for the Orb.
     0 | D:1      | Reached XP level 1. HP: 10/10 MP: 6/6
   101 | D:1      | Found a faded altar of an unknown god.
   166 | D:1      | You fall into a shaft and drop 1 floor!
   199 | D:2      | Reached XP level 2. HP: 15/15 MP: 4/8
   485 | D:2      | Reached skill level 5 in Conjurations
   532 | D:2      | Reached XP level 3. HP: 15/19 MP: 2/9
  1190 | D:3      | Killed from afar by an orc priest

Illustrated notes

Levels and vault maps discovered:
D:1:      dpeg_arrival_simpleton_b, layout_loops_ring,
          shapermc_ecumenical_altar_venn
D:2:      layout_basic, minmay_close_crescents
D:3:      layout_loops_ring, nicolae_shop_unique_rings

Skill      XL: |  1  2 |
---------------+-------+-----
Conjurations   | 5 |  5.5
Dodging        | |  2.6
Stealth        | |  2.4
Spellcasting   | |  3.5

Action                   || total
-------------------------++-------
 Cast: Magic Dart        ||    47
Dodge: Dodged            ||     2
